 Dungeon Crawl Stone Soup version 0.28-a0-71-g84acfa7270 (webtiles) character file.

Game seed: 15928806146918080973

5329 mcsnuffy the Destroyer (level 10, -21/51 HPs)
             Began as a Vine Stalker Conjurer on Aug 1, 2021.
             Was an Initiate of Gozag.
             Killed from afar by Erica (31 damage)
             ... with a lance of force
             ... on level 9 of the Dungeon.
             The game lasted 00:42:50 (11023 turns).

mcsnuffy the Destroyer (Vine Stalker Conjurer)     Turns: 11023, Time: 00:42:51

Health: -21/51     AC:  7    Str:  9    XL:     10   Next: 64%
Magic:  0/33       EV: 17    Int: 21    God:    Gozag
Gold:   848        SH:  0    Dex: 14    Spells: 17/27 levels left

rFire   . . .      SeeInvis .   p - +2 long sword
rCold   + . .      Faith    .   (no shield)
rNeg    . . .      Spirit   +   y - +1 leather armour {rC+}
rPois   .          Reflect  .   (no helmet)
rElec   .          Harm     .   (no cloak)
rCorr   .          Rampage  .   m - +0 pair of gloves
Will    +....                   l - +1 pair of boots
Stlth   +.........              (no amulet)
HPRegen 1.17/turn               M - ring of magical power
MPRegen 0.23/turn               E - +4 ring of evasion

@: confused, very slightly contaminated, invisible
A: fangs 3, regeneration 1, magic shield, antimagic bite, no potion heal 2
a: Renounce Religion, Potion Petition, Call Merchant, Bribe Branch


You were on level 9 of the Dungeon.
You worshipped Gozag.
Gozag was pleased with you.
You visited 1 branch of the dungeon, and saw 9 of its levels.
You also visited: Sewer.

You collected 2009 gold pieces.
You spent 588 gold pieces at shops.
You paid 573 gold pieces to Gozag.


Innate Abilities, Weirdness & Mutations

You have razor-sharp teeth.
Your natural rate of healing is unusually fast.
When hurt, damage is shared between your health and your magic reserves.
Your bite disrupts and absorbs the magic of your enemies.
Potions cannot restore your health.


   Skills:
 - Level 5.0 Fighting
 - Level 5.0 Dodging
 - Level 6.0 Stealth
 + Level 9.4 Spellcasting
 + Level 9.4 Conjurations
 - Level 2.0 Necromancy


You had 17 spell levels left.
You knew the following spells:

 Your Spells              Type           Power      Damage    Failure   Level
i - Iskenderun's Battles  Conj           49%        2d10      5%          5
m - Magic Dart            Conj           100%       1d8       1%          1
s - Searing Ray           Conj           98%        3d7       1%          2
X - Sublimation of Blood  Necr           9%         N/A       6%          2

Your spell library contained the following spells:

 Spells                   Type           Power      Damage    Failure   Level
 Dazzling Flash           Conj/Hex       58%        N/A       4%          3
 Corona                   Hex            10%        N/A       10%         1
 Sting                    Tmut/Pois      36%        1d4       10%         1
 Ensorcelled Hibernation  Hex/Ice        18%        N/A       14%         2
 Poisonous Vapours        Pois/Air       18%        N/A       14%         2
 Fulminant Prism          Conj/Hex       14%        3d9       14%         4
 Iskenderun's Mystic Bla  Conj/Tloc      29%        2d7       14%         4
 Gell's Gravitas          Tloc           4%         N/A       28%         3
 Teleport Other           Tloc           9%         N/A       28%         3
 Tukima's Dance           Hex            9%         N/A       28%         3
 Irradiate                Conj/Tmut      14%        3d18      36%         5
 Olgreb's Toxic Radiance  Pois           9%         N/A       67%         4
 Petrify                  Tmut/Erth      9%         N/A       67%         4
 Iron Shot                Conj/Erth      14%        9d4       91%         6
 Dispersal                Tloc           4%         N/A       100%        6
 Spellforged Servitor     Conj/Summ      14%        N/A       100%        7

Inventory:

Hand Weapons
 c - a +1 short sword of freezing
 p - a +2 long sword (weapon)
Missiles
 u - 2 throwing nets {=f}
Armour
 a - a +0 robe
 l - a +1 pair of boots (worn)
 m - a +0 pair of gloves (worn)
 y - a +1 leather armour of cold resistance (worn)
Magical Staves
 g - a staff of death {!a}
Jewellery
 e - a +4 ring of evasion
 v - a ring of see invisible
 C - a ring of ice
 E - a +4 ring of evasion (right hand)
 F - a ring of fire
 M - a ring of magical power (left hand)
 P - a ring of poison resistance
Wands
 q - a wand of flame (19)
 s - a wand of polymorph (7)
Scrolls
 b - 3 scrolls of enchant weapon
 d - 8 scrolls of teleportation {@r2}
 h - a scroll of blinking
 n - 3 scrolls of amnesia
 o - 6 scrolls of identify {@r1}
 r - a scroll of torment
 t - a scroll of magic mapping
 w - a scroll of noise
Potions
 f - a potion of berserk rage {unknown}
 i - a potion of haste {@q3}
 j - a potion of might
 k - 5 potions of heal wounds {@q2}
 z - a potion of curing {unknown}

Dungeon Overview and Level Annotations

Branches:
Dungeon (9/15)             Temple (0/1) D:7            Lair (0/6) D:8
  Sewer (visited)
    Orc: D:9-12

Altars:
Dithmenos
Gozag
Hepliaklqana
Nemelex Xobeh
Qazlal
Sif Muna
Uskayaw
Wu Jian
Beogh

Shops:
D:3 :::*   D:5 [

Annotations:
D:5 3 runed translucent doors, exclusion: door, bjtr's ghost, amateur OpCj
D:9 Erica

#....#.....#.+..........
#....#.....+.#..........
#....#.....#.#..######..
#....#.....'.'..# ..
#....#.....#.#..# ..
#....#.....#.#.>#
#....#.....#.#..#
#....#######.#..#
#......@..{..#..#
#............#...
#......#####.#...
#......# #.# #......#
#.# #......# #.#
#......# #.# ###.....
... #..... ...


There were no monsters in sight!


Message History

You fade into invisibility!
You feel less confused.
You feel very sick.
You are very lightly contaminated with residual magic.
You feel sick.
You feel sick.
Casting: Searing Ray (safe; 1% risk of failure)
Confirm with . or Enter, or press ? or * to list all spells.
Aiming: Searing Ray (safe; 1% risk of failure)
Press: ? - help, Shift-Dir - straight line (Press . to maintain the ray.)
You feel sick.
You feel sick.
You feel sick.
You are confused.
You bump into the rock wall.
You feel sick.
You feel sick.
You hear some strange, mumbled words.
A lance of force appears from out of thin air!
You are too confused!
You feel sick.
You hear some strange, mumbled words.
A lance of force appears from out of thin air!
You feel sick.
You are no longer poisoned.
You hear some strange, mumbled words.
A lance of force appears from out of thin air!
The lance of force hits you!!
Ouch! That really hurt!
You die...
Your body crumbles into a pile of gold.

Skill      XL: |  1  2  3  4  5  6  7  8  9 10 |
---------------+-------------------------------+-----
Conjurations   | 5 7 8 9 |  9.4
Spellcasting   | 3 4 6 8 9 |  9.4
Fighting       | 1 3 4 5 |  5.0
Dodging        | 2 3 4 5 |  5.0
Stealth        | 4 6 |  6.0
Necromancy     | 2 |  2.0

Action                   |  1- 3 |  4- 6 |  7- 9 | 10-12 || total
-------------------------+-------+-------+-------+-------++-------
Melee: Short sword       |    17 |    15 |    33 |       ||    65
       Bite              |       |     1 |    11 |     3 ||    15
       Long sword        |       |       |    18 |    10 ||    28
 Cast: Magic Dart        |    65 |   230 |   229 |    68 ||   592
       Searing Ray       |       |     3 |    33 |    23 ||    59
       Iskenderun's Batt |       |       |       |     1 ||     1
Invok: Potion Petition   |       |       |     1 |       ||     1
  Use: Scroll            |       |     6 |     7 |       ||    13
       Potion            |       |       |       |     1 ||     1
 Stab: Sleeping          |       |     2 |       |       ||     2
Armor: Robe              |     8 |    12 |     8 |       ||    28
       Leather armour    |       |       |    11 |    14 ||    25
Dodge: Dodged            |    11 |    31 |   117 |    41 ||   200
       Rpst.: Long sword |       |       |     9 |     6 ||    15

Levels and vault maps discovered:
D:1:      saegor_arrival_simple_a, layout_loops_ring,
          shapermc_ecumenical_altar_starsandcircs, minmay_liquid_box
D:2:      layout_loops_ring
D:3:      cheibrodos_helix_gallery, layout_rooms, mainiacjoe_overflow_alcove_2,
          serial_shops, nicolae_shop_waterfront, nicolae_shop_behind_doors,
          shop, nicolae_shop_stone
D:4:      layout_basic, gup_sewer_entry_spiral, hangedman_decor_clover_reticule
D:5:      layout_rooms, biasface_ghost_orc_armoury, serial_shops, shop_coins,
          serial_bayou_pond_d
D:6:      layout_rooms, gammafunk_temple_overflow_forgotten, uniq_edmund
D:7:      layout_loops_ring, mainiacjoe_overflow_brackets,
          nemelex_xobeh_ov_fountains_minmay, minmay_temple_entry_glass
D:8:      layout_rooms, mainiacjoe_overflow_swirl, minmay_diced_spiral
D:9:      layout_irregular_city, abandoned_shop, uniq_erica

Notes
Turn   | Place    | Note
-------+----------+-------------------------------------------
     0 | D:1      | mcsnuffy the Vine Stalker Conjurer began the quest for the
                  | Orb.
     0 | D:1      | Reached XP level 1. HP: 9/9 MP: 4/4
   283 | D:1      | Reached XP level 2. HP: 13/13 MP: 1/6
   548 | D:1      | Found a faded altar of an unknown god.
  1057 | D:1      | Reached XP level 3. HP: 15/16 MP: 3/7
  1098 | D:1      | Learned a level 2 spell: Searing Ray
  1272 | D:2      | Reached skill level 5 in Conjurations
  1598 | D:2      | Reached skill level 3 in Spellcasting
  1758 | D:2      | Gained mutation: Your natural rate of healing is unusually
                  | fast. [Vine Stalker growth]
  1758 | D:2      | Reached XP level 4. HP: 21/21 MP: 4/9
  1765 | D:2      | Reached skill level 1 in Fighting
  1780 | D:2      | Reached skill level 2 in Dodging
  2117 | D:3      | Found an opulent altar of Gozag.
  2128 | D:3      | Reached XP level 5. HP: 25/25 MP: 5/10
  2134 | D:3      | Became a worshipper of Gozag Ym Sagoz the Greedy
  2280 | D:3      | Found Salyphut's Book Shop.
  2478 | D:3      | Found Wabaoxuk's General Store.
  2578 | D:3      | Reached skill level 3 in Dodging
  2760 | D:3      | Found Ceamuch's Book Shoppe.
  2846 | D:3      | Found Banlomea's Book Emporium.
  3015 | D:4      | Reached skill level 4 in Spellcasting
  3015 | D:4      | Reached XP level 6. HP: 20/30 MP: 2/13
  3016 | D:4      | Reached skill level 2 in Fighting
  3148 | D:4      | >>.
  3343 | D:4      | Found a glowing drain.
  3347 | Sewer    | Entered a sewer
  3746 | Sewer    | Reached skill level 3 in Fighting
  4077 | Sewer    | Reached skill level 3 in Stealth
  4629 | Sewer    | Reached skill level 4 in Stealth
  4629 | Sewer    | Reached XP level 7. HP: 27/36 MP: 3/14
  5020 | D:4      | Reached skill level 4 in Dodging
  5287 | D:4      | Reached skill level 5 in Stealth
  5548 | D:5      | Entered Level 5 of the Dungeon
  5609 | D:5      | Reached skill level 6 in Stealth
  5609 | D:5      | Gained mutation: You have razor-sharp teeth. [Vine Stalker
                  | growth]
  5609 | D:5      | Reached XP level 8. HP: 25/40 MP: 6/15
  5804 | D:5      | Reached skill level 5 in Spellcasting
  5980 | D:5      | Found Maick's Antique Armour Emporium.
  6171 | D:5      | Reached skill level 6 in Spellcasting
  6226 | D:5      | Reached skill level 6 in Conjurations
  6600 | D:5      | Found a runed translucent gate.
  6618 | D:5      | Found a runed translucent gate.
  6619 | D:5      | Found a runed translucent gate.
  6621 | D:5      | Noticed bjtr's ghost (amateur OpCj)
  6678 | D:6      | Noticed Edmund
  6727 | D:6      | Reached skill level 7 in Conjurations
  6873 | D:6      | Found a stormy altar of Qazlal.
  6873 | D:6      | Found a shadowy altar of Dithmenos.
  6899 | D:6      | Reached skill level 4 in Fighting
  6899 | D:6      | Reached XP level 9. HP: 40/45 MP: 18/19
  7059 | D:6      | Killed Edmund
  7155 | D:6      | Found an ornate altar of the Wu Jian Council.
  7171 | D:6      | Reached skill level 5 in Fighting
  7701 | D:3      | Bought a book of Power for 588 gold pieces
  7707 | D:3      | Learned a level 5 spell: Iskenderun's Battlesphere
  7851 | D:7      | Found a sparkling altar of Nemelex Xobeh.
  8021 | D:7      | Reached skill level 7 in Spellcasting
  8100 | D:7      | Learned a level 2 spell: Sublimation of Blood
  8152 | D:7      | Reached skill level 8 in Conjurations
  8203 | D:7      | Found a staircase to the Ecumenical Temple.
  8219 | D:7      | Reached skill level 1 in Necromancy
  8481 | D:7      | Found a hazy altar of Hepliaklqana.
  8874 | D:8      | Reached skill level 2 in Necromancy
  8969 | D:8      | HP: 3/47 [steam dragon (8)]
  9231 | D:8      | Reached skill level 8 in Spellcasting
  9355 | D:8      | Reached XP level 10. HP: 44/51 MP: 17/23
  9442 | D:8      | Reached skill level 5 in Dodging
  9449 | D:8      | Found a staircase to the Lair.
 10009 | D:8      | Found a hide-covered altar of Uskayaw.
 10018 | D:8      | Found a shimmering blue altar of Sif Muna.
 10456 | D:9      | Reached skill level 9 in Spellcasting
 10456 | D:9      | Reached skill level 9 in Conjurations
 10977 | D:9      | Noticed Erica
 11023 | D:9      | Killed from afar by Erica

Vanquished Creatures
  A troll (D:9)
  A shadow (D:9)
  2 steam dragons (D:8)
  6 yaks (D:9)
  2 water moccasins
  Edmund (D:6)
  2 black bears
  A necrophage (D:6)
  5 ogres
  4 orc warriors
  A kobold brigand (D:7)
  5 bullfrogs
  A gnoll sergeant (D:6)
  A scorpion (D:6)
  A wyvern skeleton (D:7)
  8 wights
  11 howler monkeys
  A centaur zombie (D:8)
  3 jellies
  An orc priest (D:6)
  4 iguanas
  2 centaur skeletons
  3 gnoll shamans
  2 hounds (D:5)
  8 orc wizards
  17 adders
  15 gnolls
  An adder skeleton (D:5)
  5 worms
  22 orcs
  4 bats
  19 endoplasms
  15 giant cockroaches
  2 goblins
  7 hobgoblins
  4 jackals (D:1)
  6 kobolds
  19 quokkas
  14 ball pythons
  11 frilled lizards
  9 rats
247 creatures vanquished.

Vanquished Creatures (others)
  3 plants
3 creatures vanquished.

Grand Total: 250 creatures vanquished

Table legend: (Time is in decaauts)
 A = Elapsed time spent in this place.
 B = Non-inter-level travel time spent in this place.
 C = Inter-level travel time spent in this place.
 D = Time resting spent in this place.
 E = Time spent auto-exploring this place.
 F = Levels seen in this place.
 G = Mean time per level.
                   A        B        C        D        E       F      G
               +--------+--------+--------+--------+--------+-----+--------+
         Total |  11120 |  10748 |    372 |    178 |   8174 |  10 | 1112.0 |
       Dungeon |   9646 |   9274 |    372 |    178 |   6921 |   9 | 1071.8 |
         Sewer |   1474 |   1474 |      0 |      0 |   1253 |   1 | 1474.0 |
               +--------+--------+--------+--------+--------+-----+--------+

Top non-repeatable levels by time:
   Sewer: 1474 daAuts
     D:8: 1327 daAuts
     D:4: 1316 daAuts
     D:5: 1173 daAuts
     D:1: 1149 daAuts
     D:6: 1020 daAuts
     D:7: 1013 daAuts
     D:2: 956 daAuts
     D:3: 872 daAuts
     D:9: 816 daAuts

Table legend:
 A = Non-vault XP
 B = Vault XP
 C = Vault XP percentage of total XP
 D = Non-vault monster count
 E = Vault monster count
 F = Vault count percentage of total count
                 A         B        C        D         E       F
            +---------+---------+-------+---------+---------+-------
      Total |    6879 |     734 |   9.6 |     173 |      74 |  30.0
            +---------+---------+-------+---------+---------+-------
        D:1 |      34 |       0 |   0.0 |      21 |       0 |   0.0
        D:2 |     115 |       0 |   0.0 |      17 |       0 |   0.0
        D:3 |      72 |       3 |   4.0 |      16 |       2 |  11.1
        D:4 |     491 |      13 |   2.6 |      21 |       5 |  19.2
        D:5 |     985 |       0 |   0.0 |      19 |       0 |   0.0
        D:6 |    1006 |     158 |  13.6 |      24 |       1 |   4.0
        D:7 |     750 |       0 |   0.0 |      18 |       0 |   0.0
        D:8 |    1470 |     220 |  13.0 |      25 |       4 |  13.8
        D:9 |    1956 |       0 |   0.0 |      12 |       0 |   0.0
      Sewer |       0 |     340 | 100.0 |       0 |      62 | 100.0
            +---------+---------+-------+---------+---------+-------
